[Event "Early-Titled-Tuesday-Blitz-February-06-2024"]
[Site "Chess.com"]
[Date "2024.02.06"]
[Round "10"]
[White "kecalk"]
[Black "Baby_Legs"]
[Result "0-1"]
[WhiteElo "2510"]
[BlackElo "2628"]
[TimeControl "180+1"]
[EndTime "9:56:15 PST"]
[Termination "Baby_Legs won by resignation"]

1. e4 c6 2. Nf3 d5 3. d3 dxe4 4. dxe4 Qxd1+ 5. Kxd1 g6 6. Nbd2 Bh6 7. Ne1 Nf6 8. f3 O-O 9. c3 Nfd7 10. Kc2 f5 11. exf5 gxf5 12. Bc4+ Kg7 13. Nd3 e5 14. Be6 Kf6 15.
Bxd7 Nxd7 16. Nc4 Bxc1 17. Raxc1 b5 18. Nd6 Rg8 19. g4 fxg4 20. Rhg1 Nb6 21. Rcf1 g3 22. Rxg3 Bf5 23. Ne4+ Ke6 24. Ndc5+ Ke7 25. Rfg1 Rg6 26. Kc1 Nd5 27. Nd3 Nf4 28. Nxf4 exf4 29. Rxg6 hxg6 30. Re1 Rh8 31. Ng3+ Kf6 32. Nxf5 Kxf5 33. Re2 Rh3 34. Rf2 c5 35. Kd2 c4 36. Ke2 g5 37. Kf1 g4 38.
Kg2 Rh8 39. fxg4+ Kxg4 40. Rf1 Rd8 41. h3+ Kg5 42. Rf2 Rd3 43. Kh2 Kf5 44. Kg2 Rg3+ 45. Kh2 Ke4 46. h4 Rg4 47. Kh3 Rg3+ 48. Kh2 Kf5 49.
Rf1 Kg4 50. h5 Rh3+ 51. Kg2 Rxh5 52. Rd1 f3+ 53. Kg1 Kg3 54. Rd2 Re5 55. Kf1 Rh5 56. Kg1 Rh8 57. Rd1 0-1

[Event "Early-Titled-Tuesday-Blitz-February-06-2024"]
[Site "Chess.com"]
[Date "2024.02.06"]
[Round "10"]
[White "Laico"]
[Black "Barmen_EV"]
[Result "1-0"]
[WhiteElo "2384"]
[BlackElo "2484"]
[TimeControl "180+1"]
[EndTime "9:56:16 PST"]
[Termination "Laico won by checkmate"]

1. e4 c5 2. Nc3 Nc6 3. f4 e6 4.
Nf3 g6 5. Bb5 Nge7 6. f5 exf5 7.
d3 Bg7 8. Bxc6 dxc6 9. O-O O-O 10.
Qe1 fxe4 11. dxe4 Bg4 12. Qh4 Bxf3 13. Rxf3 c4 14. Kh1 Bxc3 15. Bg5 f6 16. Bh6 Bxb2 17.
Rb1 Rf7 18. Qh3 Be5 19. Qe6 Qc8 20. Qxc4 Qd7 21. Rd3 Qc7 22. Rbd1 b5 23. Qe6 Bf4 24. Rd7 Qxd7 25. Rxd7 Bxh6 26. Rxe7 Rf8 27. Rxa7 Kg7 28. Rxf7+ Rxf7 29. Qxc6 b4 30. Qd6 Rb7 31. g3 Bc1 32. e5 fxe5 33. Qxe5+ Kh6 34. Qe4 Rb6 35. Qh4+ Kg7 36. Qe7+ Kh6 37. Qf8+ Kh5 38. Qc5+ Kg4 39. Qxb6 Kh3 40. Qxb4 g5 41. Qe1 Kg4 42. Qxc1 Kf5 43. a4 h5 44. a5 h4 45. gxh4 g4 46. a6 g3 47. hxg3 Kg4 48. Qf4+ Kh3 49. Qf1+ Kg4 50.
Qe2+ Kh3 51. h5 Kxg3 52. h6 Kh3 53. h7 Kg3 54. a7 Kf4 55. a8=Q Kg5 56. Qag2+ Kf5 57.
Qef3+ Ke5 58. Qge2+ Kd4 59. c3+ Kc5 60. Qf5+ Kc6 61.
Qee6+ Kc7 62. Qff7+ Kd8 63. h8=Q# 1-0

[Event "Early-Titled-Tuesday-Blitz-February-06-2024"]
[Site "Chess.com"]
[Date "2024.02.06"]
[Round "10"]
[White "MdChess1734"]
[Black "Der_Balak_3Halak"]
[Result "0-1"]
[WhiteElo "2383"]
[BlackElo "2511"]
[TimeControl "180+1"]
[EndTime "9:56:17 PST"]
[Termination "Der_Balak_3Halak won by resignation"]

1. e4 e5 2. Nf3 Nc6 3. Bb5 Bc5 4. O-O d6 5. c3 Nf6 6. d4 exd4 7. cxd4 Bb6 8. d5 a6 9. Ba4 Nxe4 10. dxc6 O-O 11. Qd5 Qe8 12. cxb7 Bxb7 13. Qxb7 Qxa4 14. b3 Qb4 15. Ba3 Bxf2+ 16. Rxf2 Qxb7 17. Rf1 Qb6+ 18. Kh1 Nf2+ 19. Kg1 Nh3+ 20. Kh1 Nf2+ 21. Kg1 Ng4+ 22.
Kh1 Rfe8 23. Nbd2 Ne3 24. Rfe1 Nc2 25. Nc4 Qa7 26. Rxe8+ Rxe8 27. Rf1 Nxa3 28. Nxa3 d5 29. Nc2 c5 30. Rd1 d4 31. Nce1 a5 32. Nd3 a4 33.
Rc1 axb3 34. axb3 Rc8 35. h3 Rc7 36. Ng5 Qa3 37. Ne4 Qxb3 38. Nexc5 Qc3 39. Rxc3 dxc3 40. Nb3 f6 41. Kg1 Kf7 42. Kf2 Ke6 43. Ke3 Kd5 44. Nbc1 Re7+ 45. Kf2 Kc4 46. Nf4 c2 47. Nfe2 Kb4 48.
Ke1 Rd7 49. Kf2 Ka3 50. Ke3 Rd1 51. Nd3 g5 52. Nec1 h5 53. Ke4 Ka4 54. Kf5 Kb5 55. Kg6 Kc4 56. Kxf6 Rxd3 57. Kxg5 Rd1 0-1

[Event "Early-Titled-Tuesday-Blitz-February-06-2024"]
[Site "Chess.com"]
[Date "2024.02.06"]
[Round "10"]
[White "bylavochka"]
[Black "HeroWilczek"]
[Result "1-0"]
[WhiteElo "2342"]
[BlackElo "2470"]
[TimeControl "180+1"]
[EndTime "9:56:17 PST"]
[Termination "bylavochka won by resignation"]

1. e4 d5 2. exd5 Nf6 3. d4 Bg4 4. f3 Bf5 5. Bb5+ Nbd7 6. Ne2 a6 7. Ba4 b5 8. Bb3 Nb6 9. Ng3 Bg6 10. O-O Nfxd5 11. Nc3 Nxc3 12. bxc3 e6 13. f4 Be7 14.
f5 exf5 15. Nxf5 O-O 16. Qf3 Bf6 17. Ba3 Re8 18. Rae1 Qd7 19. Nh6+ Kh8 20. Ng4 Rxe1 21. Rxe1 Re8 22. Rxe8+ Qxe8 23. Nxf6 Qe1+ 24. Qf1 Qxf1+ 25. Kxf1 gxf6 26. Be7 Kg7 27. Bd8 Nc4 28. Bxc7 Bxc2 29. Bxc2 Ne3+ 30. Ke2 Nxc2 31. Kd2 Na3 32. Kd3 Nc4 33.
a4 Kf8 34. axb5 axb5 35. Bd8 f5 36. d5 Ke8 37. Bf6 Kd7 38. Kd4 Kd6 39. Bg7 h5 40. Bf8+ Kd7 41. Kc5 Ne3 42. g3 Nf1 43.
Kxb5 Nxh2 44. Bc5 Nf1 45. Bf2 Nd2 46. c4 Ne4 47. Be1 h4 48. gxh4 f4 49. h5 f3 50.
h6 Ng5 51. c5 f5 52. c6+ Kc7 53. Kc5 Ne4+ 54. Kd4 Ng5 55. Ke5 Nh7 56. Kxf5 Kd6 57. Kg6 f2 58. Bxf2 1-0

[Event "Early-Titled-Tuesday-Blitz-February-06-2024"]
[Site "Chess.com"]
[Date "2024.02.06"]
[Round "10"]
[White "bogcsab"]
[Black "SahibSinghKnight"]
[Result "0-1"]
[WhiteElo "2503"]
[BlackElo "2640"]
[TimeControl "180+1"]
[EndTime "9:56:18 PST"]
[Termination "SahibSinghKnight won by checkmate"]

1. d4 d5 2. c4 e6 3. Nf3 c6 4.
Nbd2 f5 5. g3 Nf6 6. Bg2 Bd6 7.
O-O O-O 8. b3 a5 9. Bb2 a4 10.
Ne5 Nbd7 11. Qc2 Bxe5 12. dxe5 Ne4 13. Nxe4 fxe4 14. f3 Qb6+ 15. c5 Qxc5+ 16. Qxc5 Nxc5 17. Ba3 b6 18. Bxc5 bxc5 19. fxe4 Rxf1+ 20. Rxf1 axb3 21. axb3 Rb8 22. exd5 cxd5 23. Rc1 Rb5 24. e4 d4 25. Bf1 Rxb3 26. Rxc5 Bb7 27. Bc4 Rc3 28. Bxe6+ Kf8 29. Rb5 Bxe4 30. Rb3 Rc1+ 31. Kf2 Rc2+ 32. Kg1 d3 33.
Bg4 Rg2+ 34. Kf1 Rxh2 35. Rb4 Bg6 36. Rb8+ Ke7 37. Rb7+ Kd8 38. Rxg7 d2 39. Rd7+ Ke8 40. Kg1 Re2 41. Bxe2 Kxd7 42. Kf2 Bc2 43. Ke3 d1=Q 44. Bxd1 Bxd1 45. Kf4 Ke6 46. g4 Bc2 47. Kg5 Kxe5 48. Kh6 Kf4 49. g5 Kg4 50. Kg7 Kxg5 51. Kf7 h5 52.
Ke6 h4 53. Ke5 h3 54. Kd4 h2 55. Ke3 h1=Q 56. Kd2 Qd1+ 57. Kc3 Be4 58. Kb4 Qd4+ 59. Kb3 Qc5 60. Ka4 Bc2# 0-1

[Event "Early-Titled-Tuesday-Blitz-February-06-2024"]
[Site "Chess.com"]
[Date "2024.02.06"]
[Round "10"]
[White "Irina_Mikhaylova"]
[Black "tarno17"]
[Result "0-1"]
[WhiteElo "2289"]
[BlackElo "2136"]
[TimeControl "180+1"]
[EndTime "9:56:20 PST"]
[Termination "tarno17 won by resignation"]

1. d4 d5 2. Nf3 Nf6 3. c4 e6 4.
Nc3 Be7 5. Bg5 O-O 6. e3 h6 7.
Bh4 b6 8. Qc2 Bb7 9. Rd1 dxc4 10. Bxc4 Nbd7 11. a3 c6 12. Ba2 Rc8 13. Ne5 Nd5 14.
Bb1 f5 15. Bxe7 Nxe7 16. Nxd7 Qxd7 17. O-O Rf6 18. Ba2 Nd5 19. Rc1 Kh8 20. Ne2 Rcf8 21.
Bxd5 exd5 22. Nf4 Qe8 23. Nd3 Ba6 24. Rfe1 Bxd3 25. Qxd3 Qd7 26. Rc3 f4 27. e4 Qg4 28.
f3 Qh4 29. Qd2 Rg6 30. Qf2 Qf6 31. Rd3 dxe4 32. Rxe4 Qf5 33. Qd2 Qg5 34. d5 cxd5 35.
Rxd5 Qh4 36. Qf2 Qf6 37. Qd4 Qh4 38. Qf2 Qf6 39. Red4 Kh7 40. Qd2 Qh4 41. Qf2 Qf6 42.
Rd1 Re8 43. Qd4 Qh4 44. Qf2 Qf6 45. R5d2 Re3 46. Re2 Rxe2 47. Qxe2 Qg5 48. Re1 Qc5+ 49. Qf2 Qg5 50. Re4 Rc6 51. Re1 Qd5 52. Re2 Qb3 53.
h3 Rc1+ 54. Kh2 Qd1 55. Re1 Qxe1 56. Qxe1 Rxe1 57. h4 Re2 58. Kh3 Rxb2 0-1

[Event "Early-Titled-Tuesday-Blitz-February-06-2024"]
[Site "Chess.com"]
[Date "2024.02.06"]
[Round "10"]
[White "Shushik"]
[Black "yaguigor"]
[Result "1-0"]
[WhiteElo "2547"]
[BlackElo "2728"]
[TimeControl "180+1"]
[EndTime "9:56:22 PST"]
[Termination "Shushik won on time"]

1. e4 e5 2. Nf3 Nc6 3. Bc4 Bc5 4. c3 Nf6 5. d4 exd4 6. e5 d5 7. Bb5 Ne4 8. cxd4 Bb6 9. Nc3 O-O 10. Be3 Bg4 11. h3 Bh5 12. Qa4 Nxc3 13. bxc3 Ne7 14. Bd3 f6 15. exf6 Rxf6 16. Ne5 h6 17. Qc2 Qd6 18. O-O c5 19. Rae1 Raf8 20. Qa4 c4 21.
Bb1 Nf5 22. Nd7 Be8 23. Nxf6+ Qxf6 24. Qc2 Bg6 25. Qc1 Nh4 26. f4 Bxb1 27. Qxb1 Nf5 28. Bf2 Nd6 29. Be3 Ba5 30. Bd2 b5 31. Re5 Ne4 32.
Rxe4 dxe4 33. Qxe4 Qd6 34. Qe5 Qd7 35. Re1 Bb6 36. Kh1 b4 37. d5 b3 38. axb3 cxb3 39.
c4 Bc5 40. Bc3 Bd6 41. Qd4 Rxf4 42. Qd3 Qc7 43. Re8+ Rf8 44. Rxf8+ Kxf8 45. Qf3+ Kg8 46. Qg4 a5 47. Qe6+ Kf8 48. Qf5+ Ke8 49. Qg6+ Kf8 50. Qh7 Qf7 51. Qd3 Qf4 52. Kg1 Qh2+ 53. Kf2 Qf4+ 54. Ke2 a4 55. g4 a3 56. c5 1-0

[Event "Early-Titled-Tuesday-Blitz-February-06-2024"]
[Site "Chess.com"]
[Date "2024.02.06"]
[Round "10"]
[White "viktorskliarov"]
[Black "AttilaTurzo"]
[Result "0-1"]
[WhiteElo "2614"]
[BlackElo "2480"]
[TimeControl "180+1"]
[EndTime "9:56:23 PST"]
[Termination "AttilaTurzo won by resignation"]

1. e4 c5 2. Nf3 d6 3. d4 cxd4 4. Qxd4 a6 5. Be3 Nf6 6. Nc3 e5 7. Qd2 h6 8. Bc4 Be7 9. h3 Be6 10. Bb3 Nc6 11. Rd1 Qc7 12. Nd5 Bxd5 13. exd5 Nb8 14.
Nxe5 dxe5 15. d6 Bxd6 16. Qxd6 Qxd6 17. Rxd6 Nbd7 18. Ke2 Ke7 19. Rhd1 Rhc8 20. c3 Nc5 21. Bc2 Rc7 22. f3 Rac8 23. g4 Rc6 24. Rxc6 Rxc6 25. h4 Ne6 26. g5 hxg5 27. hxg5 Nh5 28. Kf2 Nhf4 29. Be4 Rc8 30. Bxf4 Nxf4 31. Rd2 Rc7 32. Ke3 Ne6 33. g6 f6 34. Bf5 Nc5 35. b3 a5 36.
c4 b6 37. Rd5 Rc6 38. f4 Rd6 39. fxe5 Rxd5 40. cxd5 fxe5 41. Kf3 Nb7 42. Ke4 Kf6 43. Be6 Nd6+ 44. Ke3 Kxg6 45. a3 Kf6 46. Kd3 Kg5 47. b4 axb4 48. axb4 Kf4 49. Ke2 g5 50. Kf2 g4 51.
Ke2 g3 52. Bh3 e4 53. Bg2 Ke5 54.
Ke3 Nf5+ 55. Ke2 Kxd5 56. Bh3 Nh4 57. Bd7 g2 58. Kf2 e3+ 59. Kg1 e2 0-1

[Event "Early-Titled-Tuesday-Blitz-February-06-2024"]
[Site "Chess.com"]
[Date "2024.02.06"]
[Round "10"]
[White "LileKoridze"]
[Black "RobertJFischer71"]
[Result "1-0"]
[WhiteElo "2433"]
[BlackElo "2574"]
[TimeControl "180+1"]
[EndTime "9:56:24 PST"]
[Termination "LileKoridze won by resignation"]

1. d4 d5 2. c4 c6 3. cxd5 cxd5 4. Nf3 Nf6 5. Nc3 Nc6 6. Bf4 a6 7. e3 Bg4 8. Be2 Bxf3 9. Bxf3 e6 10. O-O Bd6 11.
Bxd6 Qxd6 12. h3 O-O 13. Qd2 b5 14. a3 Rac8 15. Rac1 b4 16. Na4 bxa3 17. bxa3 Qxa3 18. Nc5 a5 19. Nb7 Qb4 20. Qxb4 axb4 21. Nd6 Rc7 22. Rc5 b3 23. Rb1 Rb8 24. Rc3 Kf8 25. Rcxb3 Rxb3 26.
Rxb3 Ke7 27. Nb5 Rb7 28. Be2 Ne8 29. Ra3 g6 30. Ra8 h5 31. Rxe8+ Kxe8 32. Nd6+ Ke7 33. Nxb7 e5 34. dxe5 Nxe5 35. Nc5 Nc6 36. Bf3 Kd6 37. Nd3 Ne7 38. Kf1 Nf5 39. Nf4 d4 40. exd4 Nxd4 41.
Bd1 Ke5 42. g3 h4 43. Kg2 hxg3 44. fxg3 Kf6 45. Ne2 Ne6 46. Bb3 Nc5 47. Bc4 Ne4 48. Nf4 Nd6 49. Bb3 Kg7 50. Nd3 Nf5 51. Ne5 Nd6 52.
Nxf7 Nxf7 53. Bxf7 Kxf7 54. Kf3 Kf6 55. Kg4 Kf7 56.
Kg5 Kg7 57. h4 Kf7 58. h5 gxh5 59. Kxh5 Kg7 60. Kg5 Kh7 61. Kf6 Kg8 62. g4 Kf8 63. Kg6 Kg8 64. g5 Kh8 65. Kf7 1-0

[Event "Early-Titled-Tuesday-Blitz-February-06-2024"]
[Site "Chess.com"]
[Date "2024.02.06"]
[Round "10"]
[White "malakismayil"]
[Black "Sadykov_Ramil"]
[Result "0-1"]
[WhiteElo "2500"]
[BlackElo "2599"]
[TimeControl "180+1"]
[EndTime "9:56:24 PST"]
[Termination "Sadykov_Ramil won on time"]

1. e4 c5 2. Nf3 e6 3. c3 Nf6 4. e5 Nd5 5. g3 d6 6. exd6 Bxd6 7. Bg2 Nc6 8. O-O O-O 9. d4 cxd4 10. cxd4 b6 11. Nc3 Nxc3 12. bxc3 Ba6 13. Re1 Na5 14. Bd2 Rc8 15. Qc2 Qc7 16. Ng5 g6 17. Ne4 Bb7 18. h4 Bxe4 19. Qxe4 Nc4 20. Bh6 Rfe8 21.
h5 Na3 22. Rac1 b5 23. hxg6 hxg6 24. Bg5 Bf8 25. Bf4 Qa5 26. Qd3 Bg7 27. Bd6 Nc4 28.
Bb4 Qc7 29. Bc5 Red8 30. Qf3 Nb2 31. Re2 Na4 32. Ba3 a5 33. Rec2 Bf8 34. Bxf8 Kxf8 35. Qd3 Rb8 36. Bf1 Kg7 37. Qe4 Qd6 38. Qf3 Rdc8 39. Rd1 Rc7 40. c4 bxc4 41. Rxc4 Rxc4 42.
Bxc4 Nb2 43. Rc1 Nxc4 44. Rxc4 Rb4 45. Rxb4 Qxb4 46. Qe3 Qb1+ 47. Kg2 Qxa2 48. Qe5+ Kh7 49. Qf6 Qd5+ 50. Kh2 Qf5 51. Qd8 Qxf2+ 52. Kh3 a4 53.
Qd7 a3 54. Qa7 a2 55. d5 Qxa7 0-1

[Event "Early-Titled-Tuesday-Blitz-February-06-2024"]
[Site "Chess.com"]
[Date "2024.02.06"]
[Round "10"]
[White "iwanyu"]
[Black "FairChess_on_YouTube"]
[Result "1-0"]
[WhiteElo "2818"]
[BlackElo "3049"]
[TimeControl "180+1"]
[EndTime "9:56:26 PST"]
[Termination "iwanyu won on time"]

1. d4 Nf6 2. c4 e6 3. Nf3 b6 4. g3 Bb7 5. Bg2 g6 6. Nc3 Bg7 7. d5 O-O 8. O-O a5 9. Nd4 exd5 10. cxd5 Na6 11. e4 Re8 12. Bf4 Nc5 13. f3 Ba6 14.
Ndb5 c6 15. Nc7 Bxf1 16. Qxf1 cxd5 17. Nxe8 Qxe8 18. e5 Nh5 19. Nxd5 Nxf4 20. gxf4 Rd8 21. Re1 d6 22. exd6 Qd7 23. f5 Qxd6 24. f4 gxf5 25. Ne7+ Kh8 26. Nxf5 Qf6 27. Re5 Nd3 28. Qxd3 Bf8 29. Qe2 Kg8 30. Bd5 Bc5+ 31. Kh1 Rf8 32. Qe4 Kh8 33. Re8 Qxb2 34. Rxf8+ Bxf8 35. Bxf7 Qc1+ 36. Kg2 Qd2+ 37. Kh3 h5 38. Bg6 Qxa2 39. Qe5+ Kg8 40.
Ng3 Qc4 41. Qxh5 Qc7 42. Bf5 Qf7 43. Qxf7+ Kxf7 44. Bd3 Ke6 45. Bb5 Kd5 46. Kg4 Kc5 47. Be8 b5 48. Ne4+ Kb4 49. Kf5 a4 50.
h4 a3 51. Bf7 Ka4 52. Nd2 Kb4 53. h5 Kc3 54. Nb1+ Kb2 55. Nxa3 Kxa3 56. Kg6 Kb4 57.
h6 Kc5 58. h7 Kd6 59. h8=Q 1-0

[Event "Early-Titled-Tuesday-Blitz-February-06-2024"]
[Site "Chess.com"]
[Date "2024.02.06"]
[Round "10"]
[White "Muracle"]
[Black "cristiano78"]
[Result "1-0"]
[WhiteElo "2479"]
[BlackElo "2288"]
[TimeControl "180+1"]
[EndTime "9:56:26 PST"]
[Termination "Muracle won by resignation"]

1. Nf3 Nf6 2. b3 g6 3. Bb2 Bg7 4. g3 O-O 5. Bg2 d5 6. O-O c5 7. e3 Nc6 8. d3 h6 9. Nbd2 Be6 10. Qe2 Qd7 11. c4 dxc4 12. bxc4 Rad8 13. Nb3 b6 14. Rfd1 Ng4 15. Bxg7 Kxg7 16. Qb2+ Nf6 17. Rd2 Bh3 18. Rad1 Bxg2 19. Kxg2 Qc7 20. Nc1 Rd7 21. Ne2 Rfd8 22.
Nf4 e5 23. Ne2 Qd6 24. Nc3 Qe6 25. h3 Nb4 26. Nd5 Nbxd5 27. cxd5 Rxd5 28. e4 Rd4 29. Nxd4 exd4 30. Qb3 Qe7 31. f4 Nh5 32. Rf1 f5 33.
Re2 Nf6 34. Ree1 fxe4 35. dxe4 Qb7 36. Qf3 c4 37. f5 g5 38. e5 Qxf3+ 39. Rxf3 Nd5 40.
f6+ Kg6 41. e6 Nxf6 42. e7 Re8 43. Re6 Kf7 44. Rfxf6+ Kg7 45. Rg6+ Kf7 46. Ref6+ Kxe7 47. Re6+ Kd7 48. Rxe8 Kxe8 49. Rd6 d3 50. Kf3 b5 51.
Ke3 Ke7 52. Rxh6 b4 53. Ra6 Kd7 54. Rxa7+ Kc6 55. Rg7 Kb5 56. Rxg5+ Ka4 57. Rg4 c3 58.
Kxd3 Ka3 59. Kc2 Kxa2 60. Rxb4 1-0

[Event "Early-Titled-Tuesday-Blitz-February-06-2024"]
[Site "Chess.com"]
[Date "2024.02.06"]
[Round "10"]
[White "AradNazari"]
[Black "Statham_01"]
[Result "0-1"]
[WhiteElo "2765"]
[BlackElo "2591"]
[TimeControl "180+1"]
[EndTime "9:56:29 PST"]
[Termination "Statham_01 won by resignation"]

1. e4 e5 2. f4 d5 3. exd5 exf4 4.
Nf3 Nf6 5. Bb5+ c6 6. dxc6 Nxc6 7. Nc3 Bg4 8. d4 Bd6 9. Qe2+ Kf8 10. Bxc6 bxc6 11. h3 Nh5 12. Ne4 Bf5 13. Nfd2 Bxe4 14. Nxe4 Qh4+ 15. Qf2 Qe7 16. Qe2 Re8 17. O-O Qxe4 18.
Qxh5 Qxd4+ 19. Kh1 Re4 20. c3 Qe5 21. Qf3 h5 22.
Bd2 Rh6 23. Rae1 Rxe1 24. Rxe1 Qd5 25. Qxd5 cxd5 26. Rd1 Re6 27. Kg1 f6 28. Kf2 g5 29.
Kf3 Kf7 30. Bc1 Re5 31. c4 Ke6 32. b3 f5 33. Kf2 Bc5+ 34. Kf1 d4 35. Bb2 Re4 36. a3 a5 37. b4 axb4 38. axb4 Bxb4 39. Bxd4 g4 40. hxg4 fxg4 41. c5 h4 42. Kf2 Rxd4 43. Re1+ Kd5 44. Re8 Bxc5 45. Rg8 Rd2+ 46. Kf1 Rf2+ 47.
Kg1 Re2+ 48. Kh2 f3 49. Rxg4 f2 50. Rg5+ Kc6 51. Rf5 Re1 52. g4 f1=Q 53. Rxf1 Rxf1 54.
Kh3 Rh1+ 55. Kg2 Rd1 56. Kh3 Be7 0-1

[Event "Early-Titled-Tuesday-Blitz-February-06-2024"]
[Site "Chess.com"]
[Date "2024.02.06"]
[Round "10"]
[White "frequentblunders"]
[Black "Felix-Rose"]
[Result "0-1"]
[WhiteElo "2169"]
[BlackElo "2374"]
[TimeControl "180+1"]
[EndTime "9:56:29 PST"]
[Termination "Felix-Rose won on time"]

1. d3 d5 2. f4 Nf6 3. Nf3 g6 4. g3 Bg7 5. Bg2 O-O 6. O-O Nc6 7. Nc3 Bg4 8. h3 Bxf3 9. Bxf3 e5 10. e4 exf4 11. Bxf4 dxe4 12. dxe4 Qd4+ 13. Qxd4 Nxd4 14. e5 Nxf3+ 15. Rxf3 Nh5 16. Re1 c6 17. Ne4 Rad8 18.
Nd6 Nxf4 19. gxf4 b6 20. c4 g5 21. Nf5 gxf4 22. Rxf4 Kh8 23. Rg4 Rg8 24. Kh1 Rde8 25. Rge4 Bf8 26. h4 Rg6 27. Kh2 Rge6 28. Kg3 f6 29. Kf4 fxe5+ 30. Rxe5 Rxe5 31. Rxe5 Rd8 32. Re6 c5 33. Ke5 Kg8 34. Kf6 Rd2 35. Rc6 Rxb2 36. Rc8 Rf2 37. Ra8 a5 38. Rb8 h5 39.
Kg6 Rg2+ 40. Kxh5 Kf7 41. Rb7+ Kf6 42. Ne3 Re2 43. Rxb6+ Ke5 44. Ng4+ Kd4 45. Rf6 Be7 46. Rf4+ Kd3 47. Ne5+ Ke3 48. Nc6 Kxf4 49. Kg6 Bxh4 0-1

[Event "Early-Titled-Tuesday-Blitz-February-06-2024"]
[Site "Chess.com"]
[Date "2024.02.06"]
[Round "10"]
[White "Zhigalko_Sergei"]
[Black "AlexeiShirov"]
[Result "1-0"]
[WhiteElo "2947"]
[BlackElo "2788"]
[TimeControl "180+1"]
[EndTime "9:56:31 PST"]
[Termination "Zhigalko_Sergei won by resignation"]

1. e4 e5 2. Nf3 Nc6 3. Bc4 Nf6 4.
d3 Bc5 5. O-O O-O 6. Nbd2 d6 7.
c3 a5 8. h3 Be6 9. Bb5 Ne7 10.
d4 exd4 11. cxd4 Bb6 12. Re1 Ng6 13. Bd3 Re8 14. Nf1 d5 15. e5 Ne4 16. Be3 f5 17. Rc1 Rc8 18. Qe2 f4 19. Bd2 c5 20. dxc5 Bxc5 21. Bxe4 dxe4 22. Qxe4 Bd5 23. Qd3 Bxa2 24.
Qxd8 Rexd8 25. Bxa5 b6 26. Rxc5 bxc5 27. Bxd8 Rxd8 28.
Rc1 Bd5 29. N1d2 Rc8 30. Ra1 h6 31. Ra5 Nf8 32. Nh4 Be6 33. Ne4 c4 34. Rb5 Nd7 35. Ng6 Re8 36. Nd6 Ra8 37. Nxf4 Nf8 38. Nxe6 Nxe6 39.
Nxc4 Ra1+ 40. Kh2 Rc1 41. b3 Rc2 42. Rb8+ Kh7 43. Kg3 Nd4 44. Rf8 Rc3+ 45. Ne3 Rxb3 46. Rf7 Kg6 47. Ra7 Nf5+ 48. Kf4 Nxe3 49. fxe3 Rb4+ 50. e4 Rb2 51. Kf3 Rb3+ 52. Kf4 Rb2 53. Ra6+ Kf7 54. g3 Rf2+ 55. Ke3 Rh2 56. h4 h5 57.
Ra7+ Kf8 58. e6 g6 59. Rf7+ Ke8 60. Rg7 Kf8 61. Rxg6 1-0

[Event "Early-Titled-Tuesday-Blitz-February-06-2024"]
[Site "Chess.com"]
[Date "2024.02.06"]
[Round "10"]
[White "Elegance_Riks"]
[Black "KuzubovYuriy"]
[Result "1-0"]
[WhiteElo "2784"]
[BlackElo "2899"]
[TimeControl "180+1"]
[EndTime "9:56:31 PST"]
[Termination "Elegance_Riks won by resignation"]

1. e4 g6 2. d4 Bg7 3. Nc3 d6 4. Be3 a6 5. Qd2 b5 6. Nf3 Nd7 7. Ne2 Nb6 8. Ng3 Bg4 9. Be2 Bxf3 10. gxf3 e5 11. d5 Ne7 12. h4 h5 13. O-O-O Qd7 14. Kb1 a5 15. Qd3 Nc4 16. Bc1 Bh6 17. Qc3 Bxc1 18.
Rxc1 Nb6 19. Qe3 b4 20. f4 Na4 21. fxe5 dxe5 22. Bc4 Rb8 23. f4 Qd6 24. Rcf1 exf4 25. Qxf4 Qxf4 26. Rxf4 O-O 27. e5 Nb6 28. d6 cxd6 29.
exd6 Nec8 30. Rd1 Nd7 31. Ne4 Rb6 32. Bb3 Kg7 33. Ba4 Rd8 34. Bxd7 Rxd7 35. Nf6 Rd8 36. Rdf1 Rbxd6 37. b3 Rd1+ 38. Kb2 Rxf1 39. Rxf1 Ne7 40. Ne4 Nf5 41. Ng5 Rd7 42. Nf3 f6 43. Re1 Kf7 44.
Rg1 Rd5 45. Re1 Rc5 46. Re4 Rc6 47. Rf4 Rd6 48. Rc4 Ke6 49. Rc5 Rd5 50. Rc6+ Ke7 51.
Rc7+ Rd7 52. Rc6 Nd6 53. Rc5 Ra7 54. Rc6 Nf5 55. Rc5 Kd7 56. Rd5+ Ke6 57. Rb5 Kd6 58.
Rb6+ Kd7 59. Rxf6 Ne7 60. Ne5+ Ke8 61. Nxg6 Nd5 62. Re6+ Kf7 63. Re5 Kxg6 64. Rxd5 Ra6 65. Rg5+ Kh6 66. a3 Ra7 67. axb4 axb4 68. Rb5 1-0

[Event "Early-Titled-Tuesday-Blitz-February-06-2024"]
[Site "Chess.com"]
[Date "2024.02.06"]
[Round "10"]
[White "Timerkhanov"]
[Black "Szparu"]
[Result "1/2-1/2"]
[WhiteElo "2662"]
[BlackElo "2824"]
[TimeControl "180+1"]
[EndTime "9:56:32 PST"]
[Termination "Game drawn - insufficient material"]

1. d4 d5 2. Nf3 Nf6 3. g3 c5 4. Bg2 cxd4 5. Nxd4 e5 6. Nb3 h6 7. O-O Nc6 8. Nc3 Be6 9. f4 exf4 10. Bxf4 Be7 11.
e4 dxe4 12. Qxd8+ Rxd8 13. Nxe4 O-O 14. Nec5 Bc8 15. Rfe1 Nd5 16. Bd2 Bf6 17. c3 h5 18.
Rad1 h4 19. Bc1 Nb6 20. Bf4 hxg3 21. hxg3 Nc4 22. Rxd8 Rxd8 23. Re2 Rd1+ 24. Kh2 N6e5 25. Bxb7 Bg4 26. Rf2 g5 27. Ne4 gxf4 28. Nxf6+ Kg7 29. gxf4 Kxf6 30. fxe5+ Kxe5 31. Rxf7 Nxb2 32. Kg3 Be6 33. Rf2 Nd3 34. Re2+ Kf6 35. Nd4 Bc4 36. Re3 Rg1+ 37. Kh2 Rg7 38. Be4 Nf4 39. Nf3 Rg8 40. Nd4 Rh8+ 41.
Kg3 Nh5+ 42. Kf2 Kg5 43. Bf3 Nf4 44. Re5+ Kg6 45. Ra5 Nd3+ 46. Ke3 Re8+ 47. Be4+ Kf6 48. Kf3 Ne5+ 49. Kf4 a6 50. Bd5 Nd3+ 51. Kg3 Re3+ 52.
Kg4 Ne5+ 53. Kf4 Rxc3 54. Bxc4 Nxc4 55. Rxa6+ Ke7 56. Nc6+ Kd7 57. Ne5+ Nxe5 58. Kxe5 Kc7 59. Kd5 Kb7 60. Ra4 Rc8 61. Kd4 Kb6 62. Kd3 Kb5 63. Rd4 Ra8 64. a4+ Rxa4 65. Rxa4 Kxa4 1/2-1/2

[Event "Early-Titled-Tuesday-Blitz-February-06-2024"]
[Site "Chess.com"]
[Date "2024.02.06"]
[Round "10"]
[White "baki83"]
[Black "Mesa_1"]
[Result "1-0"]
[WhiteElo "2807"]
[BlackElo "2578"]
[TimeControl "180+1"]
[EndTime "9:56:33 PST"]
[Termination "baki83 won by resignation"]

1. e4 e6 2. d4 d5 3. exd5 exd5 4. Nf3 Nf6 5. Bd3 Bd6 6. Qe2+ Be7 7. O-O O-O 8. h3 c5 9. dxc5 Bxc5 10. Bg5 h6 11.
Bh4 Nc6 12. Nc3 Nb4 13. Rfe1 Be6 14. Rad1 a6 15. a3 Nxd3 16. Qxd3 Rc8 17. Nd4 Re8 18. Nxe6 Rxe6 19. Qf3 Be7 20. Bxf6 Rxe1+ 21. Rxe1 Bxf6 22. Nxd5 Rxc2 23. Qf5 Rc6 24. b4 g6 25. Qf3 Kg7 26. a4 Rd6 27. Rd1 b5 28. axb5 axb5 29. g3 h5 30. Kg2 Be5 31. Qe4 f6 32. h4 Qd7 33.
Rd3 Qc6 34. Qf3 Qd7 35. Rd1 Qe6 36. Nc7 Qd7 37. Rxd6 Bxd6 38. Nd5 Be5 39. Qe4 Qd6 40. Ne3 Qe6 41. Qb7+ Qf7 42. Qxb5 Qe6 43. Qb7+ Kh6 44. Qd5 Qe7 45. b5 Qb4 46. Nc4 Qc3 47. Qd2+ Qxd2 48. Nxd2 Kg7 49. Kf3 Bb8 50. Ke4 Kf7 51. Kd5 Ke7 52.
b6 g5 53. Ne4 gxh4 54. gxh4 f5 55. Ng3 Kf6 56. Nxh5+ Kg6 57. Ng3 f4 58. Ne4 Kh5 59. Nc5 Kxh4 60. Ke4 Kg4 61. f3+ Kg3 62. Nd7 Bd6 63. b7 Bc7 64. b8=Q Bxb8 65. Nxb8 1-0

[Event "Early-Titled-Tuesday-Blitz-February-06-2024"]
[Site "Chess.com"]
[Date "2024.02.06"]
[Round "10"]
[White "NM_Antelacus"]
[Black "kekic76"]
[Result "0-1"]
[WhiteElo "2232"]
[BlackElo "2363"]
[TimeControl "180+1"]
[EndTime "9:56:35 PST"]
[Termination "kekic76 won on time"]

1. e4 e6 2. d4 d5 3. e5 c5 4. c3 Qb6 5. Nf3 Bd7 6. Be2 Bb5 7. O-O Bxe2 8. Qxe2 Nc6 9. Be3 h5 10. b3 Nh6 11. dxc5 Bxc5 12. Bxc5 Qxc5 13. Rc1 Nf5 14. Nbd2 Rd8 15. h3 h4 16. Nf1 g6 17.
N1h2 Kf8 18. Ng4 Kg7 19. Rc2 a5 20. Rd1 a4 21. Qd3 b5 22. Nd4 Ncxd4 23. cxd4 Qa3 24. bxa4 Qxa4 25. Qb3 Qxb3 26. axb3 Rc8 27. Rc5 b4 28.
Ne3 Nxe3 29. fxe3 Rxc5 30. dxc5 Rc8 31. Rc1 f6 32. exf6+ Kxf6 33. Kf2 Ke5 34. Kf3 Kf5 35. Rc2 Rc6 36. Rc1 e5 37. Rc2 e4+ 38. Ke2 Ke5 39.
Rc1 g5 40. Kd2 d4 41. exd4+ Kxd4 42. Rc4+ Kd5 43. Rxb4 Rxc5 44. Rb8 Ke5 45. Rf8 Rd5+ 46. Ke2 Rd3 47. Rb8 Rg3 48. Kf1 Rc3 49. b4 Kf4 50. b5 Ke3 51. Kg1 Kd2 52. Rd8+ Rd3 53.
Re8 e3 54. b6 Rb3 55. Rd8+ Ke1 56. Rd6 e2 57. Re6 Kd2 58. Rd6+ Rd3 59. Re6 e1=Q+ 60. Rxe1 Kxe1 61. Kh2 Rb3 62. g4 hxg3+ 63. Kg2 Ke2 0-1